AoeStats
← Greg The Egg

Baltic

510639335Analyzed
4v4 RM · 1d ago on Oct 1, 2026· 43m 21s· 8 players
Game mode
Random Map
Map size
Large (8 player)
Population
200
Speed
Normal
Resources
Standard
Victory
Conquest
Starting age
Dark Age
Ending age
Imperial Age
RankedLock teamsTeams togetherTeam positionsShared explorationLock speedFull tech treeHidden civsTurbo modeCheats
Victory
Defeat
🇬🇧 Vikings · United Kingdom
1315
+13
🇳🇿 Malay · New Zealand
1145
+20
🇳🇿 Franks · New Zealand
1131
+21
🇳🇿 Italians · New Zealand
1107
+22
🇩🇪 Vikings · Germany
1289
-21
🇧🇪 Portuguese · Belgium
1266
-20
🇬🇧 Byzantines · United Kingdom
1229
-19
🇨🇿 Dravidians · Czechia
1173
-16
Searching for food
5:28 Loom
13:05 Feudal Age
13:58 Man-at-Arms
14:30 Double-Bit Axe
14:51 Arson
18:34 Horse Collar
18:46 Gold Mining
25:08 Castle Age
24:58 Scale Mail Armor
25:09 Forging
25:10 Pikeman
27:09 Chain Mail Armor
27:30 Iron Casting
27:20 Gambesons
27:36 Squires
32:30 Fletching
38:24 Imperial Age
36:34 Treadmill Crane
37:33 Wheelbarrow
38:07 Bow Saw
40:07 Chemistry
40:22 Bodkin Arrow
41:08 Conscription
41:44 Halberdier
DschingisCrack
5:35 Loom
11:37 Feudal Age
16:16 Castle Age
16:24 Fletching
16:38 Padded Archer Armor
17:06 Double-Bit Axe
18:03 Bodkin Arrow
19:32 Bow Saw
26:06 Ballistics
27:31 Horse Collar
30:48 Heavy Plow
31:41 Gold Mining
36:36 Imperial Age
41:57 Elite Berserk
42:01 Crossbowman
43:15 Bracer
43:31 Leather Archer Armor
43:27 Forging
43:23 Scale Barding Armor
42:59 Arbalester
naswitch
5:16 Loom
11:12 Feudal Age
15:51 Fletching
23:12 Double-Bit Axe
27:31 Castle Age
25:25 Horse Collar
28:57 Town Watch
31:13 Wheelbarrow
31:41 Town Watch
33:14 Gold Mining
39:15 Imperial Age
38:03 Husbandry
39:11 Scale Barding Armor
39:16 Forging
38:36 Man-at-Arms
39:01 Gambesons
39:17 Squires
39:38 Masonry
39:50 Ballistics
40:08 Bodkin Arrow
41:43 Conscription
noumha
1:47 Loom
11:52 Feudal Age
16:56 Castle Age
14:53 Horse Collar
19:17 Double-Bit Axe
29:23 Imperial Age
27:44 Crossbowman
28:20 Fletching
28:35 Heavy Plow
28:46 Bow Saw
30:19 Town Watch
31:10 Wheelbarrow
32:34 Arbalester
34:18 Chemistry
33:44 Ballistics
33:35 Gold Mining
34:32 Hand Cart
35:01 Thumb Ring
36:27 Two-Man Saw
35:51 Fortified Wall
39:57 Siege Engineers
39:55 Town Patrol
41:05 Conscription
40:46 Arquebus
Lanyard
11:02 Feudal Age
14:33 Castle Age
13:04 Double-Bit Axe
13:14 Fishing Lines
15:41 Bow Saw
16:09 Fletching
18:26 Bodkin Arrow
22:23 Gold Mining
24:43 Ballistics
24:31 Town Watch
24:32 Loom
25:46 Horse Collar
27:35 Heavy Plow
30:07 Town Patrol
30:11 Gillnets
32:59 Imperial Age
31:19 Gold Shaft Mining
30:39 Stone Mining
31:24 Town Patrol
31:26 Scale Mail Armor
31:36 Forging
32:26 Chain Mail Armor
32:25 Squires
32:10 Arson
32:35 Gillnets
33:36 Iron Casting
34:50 Two-Man Saw
34:29 Crop Rotation
34:46 Plate Mail Armor
34:00 Elite Varangian Guard
36:47 Blast Furnace
36:50 Conscription
39:01 Chieftains
41:42 Masonry
44:25 Hoardings
R2C2
10:45 Feudal Age
10:02 Loom
11:46 Double-Bit Axe
17:03 Castle Age
16:29 Gold Mining
16:51 Fishing Lines
17:39 Forging
17:35 Scale Barding Armor
22:44 Bow Saw
29:44 Imperial Age
28:11 Gold Shaft Mining
27:44 Stone Mining
29:10 Iron Casting
28:25 Fletching
28:36 Padded Archer Armor
28:41 Husbandry
29:45 Ballistics
31:01 Wheelbarrow
30:52 Cranequins
31:34 Heavy Mounted Crossbowman
34:27 Ordonnance Companies
38:04 Chemistry
38:23 Hand Cart
40:14 Blast Furnace
39:11 Bodkin Arrow
39:32 Leather Archer Armor
40:18 Blast Furnace
Bill Flounder
5:59 Loom
10:49 Feudal Age
10:41 Town Watch
10:43 Double-Bit Axe
13:52 Wheelbarrow
15:15 Forging
17:40 Fishing Lines
21:14 Castle Age
19:15 Stone Mining
19:19 Gold Mining
20:04 Stone Mining
20:17 Horse Collar
21:05 Medium Warships
21:12 Bow Saw
21:14 Gillnets
21:47 Careening
21:56 Siphons
23:59 Clinker Construction
23:44 Horse Collar
26:35 Heavy Plow
30:44 Masonry
34:25 Hand Cart
37:34 Imperial Age
34:57 Fletching
35:43 Iron Casting
34:53 Treadmill Crane
35:52 Gold Shaft Mining
36:01 Stone Shaft Mining
36:49 Ballistics
36:26 Murder Holes
36:28 Bodkin Arrow
36:39 Scale Barding Armor
38:21 Chemistry
37:43 Shipwright
37:48 Carvel Hull
37:43 Guilds
37:55 Squires
37:41 Arson
37:17 Pikeman
38:07 Elite Karambit Warrior
40:01 Crop Rotation
39:38 Siege Engineers
41:03 Blast Furnace
40:03 Bracer
41:21 Elite Cannon Galleon
43:41 Dry Dock
43:18 Murder Holes
Greg The Egg
7:06 Loom
11:41 Feudal Age
12:08 Fishing Lines
12:32 Double-Bit Axe
19:54 Castle Age
21:07 Gillnets
23:45 Medium Warships
32:04 Bow Saw
41:36 Imperial Age
39:04 Gold Mining
39:05 Stone Mining
40:11 Ballistics
39:44 Fletching
39:55 Padded Archer Armor
40:47 Stone Mining
41:08 Bodkin Arrow
41:47 Town Watch
42:38 Wheelbarrow
42:21 Thumb Ring
43:10 Conscription
43:09 Bracer
43:42 Town Watch
Connection lost

Rejoining the realm…

Still unreachable

The connection could not be restored.

Session expired

The server has moved on; the page needs a fresh start.